 Dungeon Crawl Stone Soup version 0.30-a0-358-g0d69a1922f (webtiles) character file.

Game seed: 11743387908934571405

6068 funkygono the Slasher (level 10, -2/73 HPs)
             Began as a Demonspawn Fire Elementalist on Nov 10, 2022.
             Was a Priest of Vehumet.
             Succumbed to a hornet's poison
             ... on level 9 of the Dungeon.
             The game lasted 00:19:10 (8310 turns).

funkygono the Slasher (DsFE)                        Turns: 8310, Time: 00:19:10

Health: -2/73      AC: 23    Str: 19    XL:     10   Next: 57%
Magic:  8/18       EV:  8    Int: 19    God:    Vehumet [***...]
Gold:   192        SH:  0    Dex: 13    Spells: 4/20 levels left

rFire   . . .      SeeInvis .    v - +4 scimitar
rCold   + . .      Faith    .    (no shield)
rNeg    + . .      Spirit   +    x - +18 Lear's hauberk
rPois   .          Reflect  .    (helmet currently unavailable)
rElec   .          Harm     .    t - +0 cloak
rCorr   .          Rampage  .    (gloves currently unavailable)
Will    .....                    (boots currently unavailable)
Stlth   ..........               (no amulet)
HPRegen 0.32/turn                d - ring "Guask" {rC+ rN+ Str+2}
MPRegen 0.32/turn                y - +6 ring of strength

@: lethally poisoned (-2 -> -36), corroded, slowed, very slow
A: antennae 2, spiny 2, magic shield, magic regeneration, sharp scales 2
a: Renounce Religion


You were on level 9 of the Dungeon.
You worshipped Vehumet.
Vehumet was most pleased with you.
You visited 1 branch of the dungeon, and saw 9 of its levels.
You also visited: Ossuary.

You collected 402 gold pieces.
You spent 210 gold pieces at shops.

Inventory:

Hand Weapons
 e - a +1 whip
 v - a +4 scimitar (weapon)
 F - a +0 long sword
 K - a +1 great sword
Missiles
 L - 2 throwing nets
Armour
 a - a +0 robe
 g - a +0 pair of gloves of hurling
 n - a scarf of shadows
 r - an orb of light
 t - a +0 cloak (worn)
 w - a +1 pair of boots
 x - the +18 Lear's hauberk (worn)
   (You acquired it on level 4 of the Dungeon)
 E - the +5 ring mail of Wasafrup {Fly Will+}
   (You found it on level 5 of the Dungeon)

   Fly:       It grants you flight.
   Will:      It increases your willpower.
 P - +0 fire dragon scales
Magical Staves
 h - a staff of fire
 Q - a staff of air
Jewellery
 d - the ring "Guask" (left hand) {rC+ rN+ Str+2}
   (You acquired it on level 1 of the Dungeon)

   [ring of positive energy]

   Str:       It affects your strength (+2).
   rC:        It protects you from cold.
   rN:        It protects you from negative energy.
 y - a +6 ring of strength (right hand)
 H - a ring of magical power
 I - a ring of resist corrosion
Wands
 s - a wand of flame (14)
 A - a wand of charming (3)
 B - a wand of digging (6)
 O - a wand of iceblast (10)
Scrolls
 m - 3 scrolls of amnesia
 q - 2 scrolls of fear
 z - a scroll of magic mapping
 C - 2 scrolls of immolation
 D - 2 scrolls of teleportation
Potions
 b - a potion of magic
 c - 3 potions of attraction
 f - a potion of lignification
 i - 6 potions of brilliance
 j - 6 potions of curing
 l - 4 potions of heal wounds
 o - 5 potions of flight
 p - 2 potions of might
 u - 4 potions of haste
 G - a potion of cancellation
 J - 2 potions of berserk rage


   Skills:
 + Level 4.9 Fighting
 + Level 7.7 Long Blades
 + Level 3.8 Maces & Flails
 * Level 6.9 Armour
 + Level 3.0 Dodging
 - Level 1.7 Stealth
 * Level 5.5 Spellcasting
 + Level 3.5 Conjurations
 * Level 5.5 Fire Magic


You had 4 spell levels left.
You knew the following spells:

 Your Spells              Type           Power      Damage    Failure   Level
a - Foxfire               Conj/Fire      88%        2x1d8     4%          1
b - Scorch                Fire           52%        2d7       4%          2
c - Kindle Blastsparks    Fire/Tloc/Air  24%        2d12      36%         3
d - Flame Wave            Conj/Fire      22%        2d8       38%         4
e - Poisonous Vapours     Pois/Air       10%        N/A       38%         2
f - Sticky Flame          Conj/Fire      22%        2d4       38%         4

Your spell library contained the following spells:

 Spells                   Type           Power      Damage    Failure   Level
 Inner Flame              Hex/Fire       15%        N/A       26%         3
 Apportation              Tloc           10%        N/A       73%         1
 Alistair's Intoxication  Tmut/Pois      3%         N/A       100%        5


Dungeon Overview and Level Annotations

Branches:
Dungeon (9/15)             Temple (0/1) D:7         Ossuary (visited)
   Lair: D:8-11         Orc: D:9-12

Altars:
Fedhas
Kikubaaqudgha
Makhleb
Okawaru
Qazlal
Sif Muna
Trog
Uskayaw
Vehumet
Wu Jian
Xom

Shops:
D:1 (   D:2 *   D:6 *


Innate Abilities, Weirdness & Mutations

You have a pair of antennae on your head.
You are mostly covered in sharp spines.
When hurt, damage is shared between your health and your magic reserves.
You regenerate magic rapidly.
You are mostly covered in razor-sharp scales. (AC +2, Slay +2)


Message History

The orc wizard attacks as you move away!
The orc wizard is struck by your spines.
The orc wizard hits you but does no damage.
You feel yourself speed up.
You feel very sick. The hornet is struck by your spines.
The hornet stings you but does no damage.
You closely miss the hornet.
The hornet is lightly wounded.
You feel sick. The hornet is struck by your spines.
The hornet stings you but does no damage. x2
You hit the hornet but do no damage.
The hornet is moderately wounded.
You feel sick. The hornet stings you.
You feel yourself slow down.
An orc comes into view. It is wielding a +0 short sword.
You closely miss the hornet.
The hornet is moderately wounded.
You feel sick. The hornet stings you.
* * * LOW HITPOINT WARNING * * *
You are more poisoned.
You feel as though you will be slow longer.
The hornet is struck by your spines.
The hornet stings you but does no damage.
You hit the hornet but do no damage.
The hornet is moderately wounded.
You feel very sick.
The hornet stings you but does no damage.
The hornet is struck by your spines. The hornet stings you.
* * * LOW HITPOINT WARNING * * *
You are lethally poisoned!
You feel as though you will be slow longer.
The hornet stings you!
* * * LOW HITPOINT WARNING * * *
You are more poisoned.
You suddenly lose the ability to move!
An orc comes into view. It is wielding a +0 hand axe.
You can move again.
You barely miss the hornet.
The hornet is moderately wounded.
You die...

###################
#.....(.@yoYo......
#.########oY)...#
#.# #))#.#o# #.#
#.†# # #.# #{$#{
#.# #.Y#
#########.# ..YY {{
..........# .....
######.##.# ##..#.


You could see 2 yaks, a hornet, an orc warrior, an orc wizard and 2 orcs.

Vanquished Creatures
  A komodo dragon (D:8)
  A hornet (D:8)
  A wyvern (D:8)
  Eustachio (D:5)
  6 yaks
  An acid dragon (D:9)
  A water moccasin (D:7)
  An ice beast (D:8)
  An orc warrior (D:6)
  3 black bears
  An ogre (D:4)
  A hornet zombie (Ossuary)
  2 centaurs (D:6)
  A sky beast (D:7)
  A phantom (D:5)
  2 kobold brigands
  4 bullfrogs
  2 scorpions (D:6)
  A gnoll sergeant (D:8)
  A wyvern zombie (Ossuary)
  A water moccasin zombie (Ossuary)
  A necrophage (D:8)
  11 wights
  4 howler monkeys
  9 bullfrog zombies (Ossuary)
  3 hounds
  4 centaur zombies
  4 orc priests
  3 gnoll boudas
  A jelly (D:5)
  5 iguanas
  Ijyb (D:5)
  5 orc wizards
  4 killer bee zombies
  3 howler monkey zombies (Ossuary)
  16 mummies
  16 gnolls
  7 adders
  A shadow imp (D:8)
  3 white imps
  An ufetubus (D:5)
  6 worms
  24 orcs
  7 bats
  A bat zombie (D:7)
  11 endoplasms
  4 giant cockroaches
  11 goblins
  4 hobgoblins
  6 jackals
  6 quokkas
  2 ball pythons
  4 frilled lizards
  19 kobolds
  A rat (D:3)
  3 rat zombies (D:7)
245 creatures vanquished.

Vanquished Creatures (collateral kills)
  A foxfire (D:4)
1 creature vanquished.

Vanquished Creatures (others)
  269 foxfires
  10 plants
  14 withered plants
293 creatures vanquished.

Grand Total: 539 creatures vanquished

Notes
Turn   | Place    | Note
-------+----------+-------------------------------------------
     0 | D:1      | funkygono the Demonspawn Fire Elementalist began the quest
                  | for the Orb.
     0 | D:1      | Reached XP level 1. HP: 13/13 MP: 3/3
   169 | D:1      | Gained mutation: You are partially covered in razor-sharp
                  | scales. (AC +1, Slay +1) [demonic ancestry]
   169 | D:1      | Reached XP level 2. HP: 19/19 MP: 1/5
   298 | D:1      | Found Jiab's Weapon Shoppe.
   466 | D:1      | Learned a level 2 spell: Scorch
   793 | D:1      | Gained mutation: You regenerate magic rapidly. [demonic
                  | ancestry]
   793 | D:1      | Reached XP level 3. HP: 24/24 MP: 4/6
   797 | D:1      | Learned a level 3 spell: Kindle Blastsparks
   947 | D:1      | Identified a scroll of acquirement
   947 | D:1      | Acquired the ring "Guask" {rC+ rN+ Str+2}
  1046 | D:2      | Found Sismen's Assorted Antiques.
  1659 | D:3      | Gained mutation: You are mostly covered in razor-sharp
                  | scales. (AC +2, Slay +2) [demonic ancestry]
  1659 | D:3      | Reached XP level 4. HP: 30/30 MP: 4/8
  2294 | D:3      | Found a shimmering blue altar of Sif Muna.
  2487 | D:2      | Bought a pair of runed gloves for 210 gold pieces
  2587 | D:4      | Found a bloodstained altar of Trog.
  2700 | D:4      | Gained mutation: When hurt, damage is shared between your
                  | health and your magic reserves. [demonic ancestry]
  2700 | D:4      | Reached XP level 5. HP: 35/35 MP: 5/10
  2852 | D:4      | Noticed an ogre
  2857 | D:4      | Killed an ogre
  2858 | D:4      | Gained mutation: You have a pair of small antennae on your
                  | head. [demonic ancestry]
  2858 | D:4      | Reached XP level 6. HP: 20/41 MP: 0/11
  3030 | D:4      | Found an ornate altar of the Wu Jian Council.
  3540 | D:4      | Acquired the +18 Lear's hauberk
  3540 | D:4      | Found the +18 Lear's hauberk
  3593 | D:5      | Entered Level 5 of the Dungeon
  3716 | D:5      | Noticed a yak
  3742 | D:5      | Noticed a yak
  3744 | D:5      | Noticed a yak
  3766 | D:5      | Killed a yak
  3767 | D:5      | Reached skill level 1 in Maces & Flails
  3767 | D:5      | Gained mutation: You are partially covered in sharp spines.
                  | [demonic ancestry]
  3767 | D:5      | Reached XP level 7. HP: 30/47 MP: 13/13
  3772 | D:5      | Killed a yak
  3773 | D:5      | Reached skill level 1 in Fighting
  3773 | D:5      | Reached skill level 1 in Armour
  3781 | D:5      | Killed a yak
  3946 | D:5      | Found a blossoming altar of Fedhas.
  3946 | D:5      | Found a radiant altar of Vehumet.
  3946 | D:5      | Found an iron altar of Okawaru.
  3952 | D:5      | Noticed Ijyb
  3981 | D:5      | Killed Ijyb
  4000 | D:5      | Became a worshipper of Vehumet
  4027 | D:5      | Identified the +5 ring mail of Wasafrup {Fly Will+}
  4107 | D:5      | Noticed Eustachio
  4157 | D:5      | Killed Eustachio
  4158 | D:5      | Reached XP level 8. HP: 41/56 MP: 12/15
  4219 | D:5      | Found a hide-covered altar of Uskayaw.
  4331 | D:5      | Found a burning altar of Makhleb.
  4552 | D:5      | Reached skill level 1 in Long Blades
  4654 | D:5      | Learned a level 4 spell: Flame Wave
  4838 | D:6      | Found Zin's Purification Station.
  5177 | D:6      | Found a sand-covered staircase.
  5185 | Ossuary  | Entered an ossuary
  5197 | Ossuary  | Reached skill level 2 in Long Blades
  5239 | Ossuary  | Reached * piety under Vehumet
  5239 | Ossuary  | Offered knowledge of Sandblast by Vehumet.
  5266 | Ossuary  | Reached skill level 3 in Long Blades
  5349 | Ossuary  | Gained mutation: You are mostly covered in sharp spines.
                  | [demonic ancestry]
  5349 | Ossuary  | Reached XP level 9. HP: 36/62 MP: 12/16
  5380 | Ossuary  | Reached skill level 5 in Armour
  5473 | Ossuary  | Reached skill level 4 in Long Blades
  5609 | Ossuary  | Offered knowledge of Poisonous Vapours by Vehumet.
  5641 | Ossuary  | Reached ** piety under Vehumet
  5698 | Ossuary  | Learned a level 2 spell: Poisonous Vapours
  5898 | D:6      | Reached skill level 5 in Long Blades
  6072 | D:6      | Found a shimmering altar of Xom.
  6545 | D:7      | Found a staircase to the Ecumenical Temple.
  6607 | D:7      | Reached skill level 6 in Long Blades
  6675 | D:7      | Offered knowledge of Ignite Poison by Vehumet.
  6821 | D:7      | Reached *** piety under Vehumet
  6823 | D:7      | Found an ancient bone altar of Kikubaaqudgha.
  6921 | D:7      | Found a stormy altar of Qazlal.
  7105 | D:8      | Reached skill level 5 in Fire Magic
  7106 | D:8      | Reached skill level 5 in Spellcasting
  7106 | D:8      | Gained mutation: You have a pair of antennae on your head.
                  | [demonic ancestry]
  7106 | D:8      | Reached XP level 10. HP: 71/73 MP: 17/17
  7526 | D:8      | Reached skill level 7 in Long Blades
  8078 | D:8      | Offered knowledge of Sticky Flame by Vehumet.
  8098 | D:8      | Learned a level 4 spell: Sticky Flame
  8309 | D:9      | Paralysed by a hornet for 1 turns
  8310 | D:9      | Succumbed to a hornet's poison

Illustrated notes

Levels and vault maps discovered:
D:1:      saegor_arrival_simple_b, layout_rooms, serial_shops,
          nicolae_shop_temple_entry_statues_fountains
D:2:      layout_basic, serial_shops, nicolae_shop_trees, serial_bayou_ford_a
D:3:      layout_loops_ring, lemuel_round_altar
D:4:      layout_basic, mainiacjoe_overflow_chevrons, lemuel_round_altar
D:5:      layout_basic, mainiacjoe_overflow_alcove_4,
          mainiacjoe_overflow_cross_hatched,
          gammafunk_temple_overflow_forgotten, grunt_tough_drop, uniq_ijyb,
          uniq_eustachio
D:6:      layout_basic, xom_teletrap_fun, marbit_many_paths, zin_purify,
          gup_ossuary_entry_pyramid, st_stairs_2, lightli_orcish_oven
D:7:      layout_gridville, lemuel_zombie_altar_kikubaaqudgha,
          mainiacjoe_overflow_six_doors_small,
          minmay_temple_entry_statues_pillars
D:8:      layout_loops_ring, serial_undead, serial_undead_b, serial_undead_e,
          serial_undead_a, serial_undead_e
D:9:      layout_loops_ring, kennysheep_mini_moat, hellmonk_lair_entry_icy

Skill      XL: |  1  2  3  4  5  6  7  8  9 10 |
---------------+-------------------------------+-----
Fire Magic     | 3 4 5 |  5.5
Conjurations   | 2 3 |  3.5
Spellcasting   | 3 4 5 |  5.5
Maces & Flails | 1 3 |  3.8
Fighting       | 1 2 4 |  4.9
Armour         | 2 4 6 |  6.9
Dodging        | 2 3 |  3.0
Long Blades    | 3 6 7 |  7.7
Stealth        | |  1.7

Action                   |  1- 3 |  4- 6 |  7- 9 | 10-12 || total
-------------------------+-------+-------+-------+-------++-------
Melee: Unarmed           |     1 |       |       |       ||     1
       Whip              |       |    66 |    52 |       ||   118
       Punch             |       |     3 |     6 |     1 ||    10
       Long sword        |       |       |   325 |       ||   325
       Scimitar          |       |       |    47 |   103 ||   150
 Cast: Foxfire           |    69 |    74 |     2 |     7 ||   152
       Scorch            |     9 |    11 |       |       ||    20
  Use: Scroll            |     6 |     6 |    10 |     4 ||    26
Armor: Robe              |     2 |       |       |       ||     2
       Chain mail        |       |    64 |   387 |   120 ||   571
Dodge: Dodged            |     5 |    23 |   186 |    46 ||   260

Table legend: (Time is in decaauts)
 A = Elapsed time spent in this place.
 B = Non-inter-level travel time spent in this place.
 C = Inter-level travel time spent in this place.
 D = Time resting spent in this place.
 E = Time spent auto-exploring this place.
 F = Levels seen in this place.
 G = Mean time per level.
                   A        B        C        D        E       F      G
               +--------+--------+--------+--------+--------+-----+--------+
         Total |   8459 |   8037 |    422 |    391 |   5391 |  10 |  845.9 |
       Dungeon |   7858 |   7436 |    422 |    391 |   5178 |   9 |  873.1 |
       Ossuary |    600 |    600 |      0 |      0 |    212 |   1 |  600.0 |
               +--------+--------+--------+--------+--------+-----+--------+

Top non-repeatable levels by time:
     D:6: 1297 daAuts
     D:5: 1213 daAuts
     D:4: 1105 daAuts
     D:3: 1012 daAuts
     D:1: 974 daAuts
     D:7: 757 daAuts
     D:8: 720 daAuts
     D:2: 643 daAuts
 Ossuary: 600 daAuts
     D:9: 135 daAuts
